 Dungeon Crawl Stone Soup version 0.29.0-4-gdea44cf6ec (webtiles) character file.

Game seed: 7231851271384387402

4 qw the Sneak (level 1, -1/14 HPs)
             Began as a Gargoyle Delver on Sept 10, 2022.
             Slain by a gnoll
             ... wielding a +0 club
             ... led by a gnoll bouda
              (5 damage)
             ... on level 5 of the Dungeon.
             The game lasted 00:00:02 (39 turns).

qw the Sneak (Gargoyle Delver)                        Turns: 39, Time: 00:00:02

Health: -1/14      AC:  5    Str: 15    XL:     1   Next: 60%
Magic:  1/1        EV: 11    Int: 10    God:
Gold:   8          SH:  0    Dex: 11    Spells: 0/0 levels left

rFire   . . .      SeeInvis .   Y - +0 hand axe
rCold   . . .      Faith    .   (no shield)
rNeg    + . .      Spirit   .   b - +0 leather armour
rPois   inf        Reflect  .   (no helmet)
rElec   +          Harm     .   (no cloak)
rCorr   .          Rampage  .   (no gloves)
Will    .....                   (no boots)
Stlth   +++.......              (no amulet)
HPRegen 0.04/turn               (no ring)
MPRegen 0.07/turn               (no ring)

@: no status effects
A: sickness immunity, AC +2, negative energy resistance 1, electricity
resistance, torment resistance 1, petrification resistance
a: no special abilities


You were on level 5 of the Dungeon.
You visited 1 branch of the dungeon, and saw 1 of its levels.

You collected 8 gold pieces.


Innate Abilities, Weirdness & Mutations

You are immune to sickness and miasma.
Your stone body is resilient. (AC +2)
You are immune to poison.
You resist negative energy. (rN+)
You are resistant to electric shocks. (rElec)
You are resistant to unholy torment.
You are immune to petrification.


   Skills:
 - Level 3.2 Fighting
 + Level 2.1 Axes
 - Level 1.5 Dodging
 - Level 5.4 Stealth


You couldn't memorise any spells.
You didn't know any spells.
Your spell library was empty.

Inventory:

Hand Weapons
 Y - a +0 hand axe (weapon)
Armour
 b - a +0 leather armour (worn)
Wands
 g - a wand of digging (3)
Scrolls
 a - a scroll of identify
Potions
 f - a potion of haste

Dungeon Overview and Level Annotations

Branches:
Dungeon (5/15)
 Temple: D:4-7

Altars:


Message History

h - 2 scrolls labelled IJOPOA INALUA (gained 1)
Found a stone staircase leading up.
19 ||| READING 2 scrolls labelled IJOPOA INALUA.
As you read the scroll labelled IJOPOA INALUA, it crumbles to dust.
It is a scroll of identify.
You don't have any unidentified items.
20 ||| DROPPING scroll of fog.
You drop a scroll of fog.
21 ||| DROPPING scroll of magic mapping.
You drop a scroll of magic mapping.
22 ||| DROPPING scroll of fear.
You drop a scroll of fear.
(D) Dungeon
Where to? (* - list waypoints, ? - help)
What level of the Dungeon? (default 1, ? - help)
You now have 8 gold pieces.
Found a scroll of identify.
An orc comes into view. It is wielding a +0 dagger.
The orc shouts!
You hear a shout! x7
You hit the orc but do no damage. The orc hits you with a +0 dagger.
An orc comes into view. It is wielding a +0 hand axe.
You closely miss the orc. The orc hits you with a +0 dagger.
A gnoll comes into view. It is wielding a +0 club.
You slash the orc!
You kill the orc!
Your Axes skill increases to level 2!
You slash the orc!
You kill the orc!
You hit the gnoll.
The gnoll is moderately wounded.
The gnoll hits you with a +0 club.
A gnoll comes into view. It is wielding a +0 flail.
The gnoll closely misses you.
You hit the gnoll.
The gnoll is almost dead.
The gnoll hits you but does no damage.
You barely miss the gnoll.
The gnoll is almost dead.
The gnoll hits you with a +0 club.
You die...

. #.# #...#..>..# ..
#.####...##.#### ...
#.##.....##.# ...?
#.##.#..###.#
.....###.##.#......#
........?......#####
....###.###.#### .
#.# #... #@# #####
#g# .g. ....# ####.#
.# .. .#


You could see 2 gnolls.

Vanquished Creatures
  2 orcs (D:5)
2 creatures vanquished.

Notes
Turn   | Place    | Note
-------+----------+-------------------------------------------
     0 | D:5      | qw the Gargoyle Delver began the quest for the Orb.
     0 | D:5      | Reached XP level 1. HP: 14/14 MP: 1/1
     0 | D:5      | 0 ||| qw: Version: 0.1-a-116-g5d60599
     0 | D:5      | 0 ||| qw: Game counter: 8708
     0 | D:5      | 0 ||| qw: Always use a shield: true
     0 | D:5      | 0 ||| qw: God list: Okawaru
     0 | D:5      | 0 ||| qw: Allow faded altars: false
     0 | D:5      | 0 ||| qw: Do Orc after D:15 true
     0 | D:5      | 0 ||| qw: Do second Lair branch before Depths: true
     0 | D:5      | 0 ||| qw: Lair rune preference: random
     0 | D:5      | 0 ||| qw: Plans: Normal
     0 | D:5      | 0 ||| PLANNING D:1-11
    19 | D:5      | 19 ||| READING 2 scrolls labelled IJOPOA INALUA.
    20 | D:5      | 20 ||| DROPPING scroll of fog.
    21 | D:5      | 21 ||| DROPPING scroll of magic mapping.
    22 | D:5      | 22 ||| DROPPING scroll of fear.
    39 | D:5      | Slain by a gnoll

Levels and vault maps discovered:
D:5:      layout_loops_cross, fiery_altar_vehumet, nicolae_shop_gadgets

Skill      XL: |  1 |
---------------+----+-----
Axes           | 2 |  2.1
Fighting       | |  3.2
Dodging        | |  1.5
Stealth        | |  5.4

Action                   || total
-------------------------++-------
Melee: Hand axe          ||     7
  Use: Scroll            ||     1
Armor: Leather armour    ||     1
Dodge: Dodged            ||     1

Table legend:
 A = Non-vault XP
 B = Vault XP
 C = Vault XP percentage of total XP
 D = Non-vault monster count
 E = Vault monster count
 F = Vault count percentage of total count
                 A         B        C        D         E       F
            +---------+---------+-------+---------+---------+-------
      Total |       6 |       0 |   0.0 |       2 |       0 |   0.0
            +---------+---------+-------+---------+---------+-------
        D:5 |       6 |       0 |   0.0 |       2 |       0 |   0.0
            +---------+---------+-------+---------+---------+-------
